 Dungeon Crawl Stone Soup version 0.27-a0-1595-g0b823d0a13 (webtiles) character file.

Game seed: 7826145471168814635

172 robertstho the Skirmisher (level 5, -1/42 HPs)
             Began as a Demonspawn Abyssal Knight on July 20, 2021.
             Was a Believer of Lugonu.
             Succumbed to a water moccasin's poison
             ... on level 4 of the Dungeon.
             The game lasted 00:04:05 (3123 turns).

robertstho the Skirmisher (DsAK)                    Turns: 3123, Time: 00:04:06

Health: -1/42      AC:  9    Str: 14    XL:     5   Next: 27%
Magic:  7/7        EV:  6    Int: 13    God:    Lugonu [**....]
Gold:   3          SH:  0    Dex: 12    Spells: 4/4 levels left

rFire    . . .     SeeInvis .   a - +1 spear
rCold    . . .     Faith    .   (no shield)
rNeg     . . .     Spirit   .   c - +0 chain mail
rPois    .         Reflect  .   (no helmet)
rElec    .         Harm     .   (no cloak)
rCorr    .         Rampage  .   (no gloves)
Will     .....                  (no boots)
Stlth    ..........             (no amulet)
HPRegen  0.14/turn              (no ring)
MPRegen  0.10/turn              (no ring)

@: lethally poisoned (-1 -> -12)
A: hooves 1, powered by death 2
a: Renounce Religion, Depart the Abyss, Bend Space


You were on level 4 of the Dungeon.
You worshipped Lugonu.
Lugonu was pleased with you.
You visited 1 branch of the dungeon, and saw 4 of its levels.
You visited the Abyss 1 time.

You collected 133 gold pieces.
You spent 130 gold pieces at shops.

Inventory:

Hand Weapons
 a - a +1 spear (weapon)
Armour
 c - a +0 chain mail (worn)
 n - a +1 ring mail of cold resistance
Scrolls
 e - a scroll of fog {unknown}
 h - a scroll of vulnerability {unknown}
 k - a scroll of magic mapping
Potions
 b - a potion of berserk rage {unknown}
 d - a potion of heal wounds {unknown}
 f - 3 potions of curing
 g - a potion of might {unknown}
 j - a potion of cancellation {unknown}
 l - a potion of lignification {unknown}
 o - 3 potions of flight
 p - a potion of ambrosia {unknown}
 q - a potion of attraction
 r - a potion of brilliance


   Skills:
 * Level 4.3 Fighting
 + Level 2.7 Polearms
 * Level 2.9 Armour
 + Level 0.9 Dodging
 * Level 3.7 Invocations


You had 4 spell levels left.
You didn't know any spells.
Your spell library contained the following spells:

 Spells                   Type           Power      Damage    Failure   Level
 Passwall                 Tmut/Erth      0%         N/A       100%        2
 Call Canine Familiar     Summ           0%         N/A       100%        3
 Frozen Ramparts          Ice            0%         1d2       100%        3
 Gell's Gravitas          Tloc           0%         N/A       100%        3
 Lesser Beckoning         Tloc           0%         N/A       100%        3
 Portal Projectile        Hex/Tloc       0%         N/A       100%        3
 Swiftness                Air            0%         N/A       100%        3
 Teleport Other           Tloc           0%         N/A       100%        3
 Ice Form                 Ice/Tmut       0%         N/A       100%        4
 Leda's Liquefaction      Hex/Erth       0%         N/A       100%        4
 Summon Ice Beast         Ice/Summ       0%         N/A       100%        4
 Invisibility             Hex            0%         N/A       100%        6


Dungeon Overview and Level Annotations

Branches:
Dungeon (4/15)
 Temple: D:4-7

Altars:
Nemelex Xobeh
Sif Muna
Uskayaw
Wu Jian
Yredelemnul
Zin

Shops:
D:4 !=(!*(

Annotations:
D:4 Great shops


Innate Abilities, Weirdness & Mutations

You have large cloven feet.
You regenerate health from kills.


Message History

You puncture the endoplasm!
You kill the endoplasm!
Lugonu accepts your kill.
No target in view!
No target in view! 2 gnolls come into view.
The gnoll shouts! x2
A gnoll comes into view. It is wielding a +0 flail.
The gnoll shouts!
You hear an angry hiss.
A water moccasin comes into view.
You reach to attack!
You hit the gnoll.
The gnoll is lightly wounded.
You hit the gnoll.
The gnoll is moderately wounded.
You barely miss the gnoll. You kick the gnoll.
The gnoll is moderately wounded.
The gnoll hits you with a +0 club.
The gnoll hits you from afar with a +0 halberd!
You hit the gnoll.
The gnoll is severely wounded.
The gnoll hits you but does no damage.
The gnoll hits you from afar with a +0 halberd.
You barely miss the gnoll. Your kick misses the gnoll.
The gnoll is severely wounded.
The gnoll hits you with a +0 club.
The gnoll hits you from afar with a +0 halberd!
You are too injured to fight recklessly!
You are too injured to fight recklessly!
You are too injured to fight recklessly!
The water moccasin bites you!
* * * LOW HITPOINT WARNING * * *
The water moccasin bites you but does no damage.
The water moccasin barely misses you. The water moccasin bites you.
* * * LOW HITPOINT WARNING * * *
You are lethally poisoned!
The water moccasin poisons you!
* * * LOW HITPOINT WARNING * * *
You feel very sick.
You die...

..........#....###........### #..
..........#.....##...###### ##.
...[......##.⌠._#..###♣♣♣♣♣♣♣♣♣#.
...........#....######♣.......♣#.
...........##..## ##.#♣.∩.∩.∩.♣#.
...........########..............
.................≈≈≈≈≈≈≈≈≈÷≈≈≈≈≈≈
.................≈≈≈≈≈≈≈≈≈.≈≈≈≈≈≈
................@.S.g.gg.........
....)<...........#####♣.∩.∩.∩.♣#.
...†)..........#.## ♣.......♣#.
................... ♣♣♣♣♣♣♣♣♣#.
..###...>.........# ############g
................#.. ....>....##..
#..##............## #.........#
##...............# #..#.....####
......#..........# #.......#


You could see a water moccasin and 3 gnolls.

Vanquished Creatures
  An iguana (D:4)
  A bullfrog skeleton (D:4)
  4 adders
  2 adder skeletons (D:4)
  3 worms (D:2)
  A dart slug (D:3)
  2 orcs
  6 endoplasms
  2 giant cockroaches (D:1)
  3 goblins (D:2)
  6 hobgoblins
  3 jackals (D:4)
  6 kobolds
  2 quokkas
  9 ball pythons
  7 bats
  3 frilled lizards
  A rat (D:2)
  A spectral orc (D:3)
63 creatures vanquished.

Notes
Turn   | Place    | Note
-------+----------+-------------------------------------------
     0 | Abyss:1  | robertstho the Demonspawn Abyssal Knight began the quest
                  | for the Orb.
     0 | Abyss:1  | Reached XP level 1. HP: 18/18 MP: 2/2
    51 | Abyss:1  | Noticed a spatial vortex
    66 | Abyss:1  | Noticed a large abomination
    85 | Abyss:1  | Noticed a small abomination
    99 | Abyss:1  | Noticed a smoke demon
   102 | D:1      | Escaped the Abyss
   386 | D:1      | Found a faded altar of an unknown god.
   426 | D:1      | Reached * piety under Lugonu
   457 | D:1      | Gained mutation: You have large cloven feet. [demonic
                  | ancestry]
   457 | D:1      | Reached XP level 2. HP: 24/24 MP: 4/4
   883 | D:2      | Gained mutation: You regenerate a little health from kills.
                  | [demonic ancestry]
   883 | D:2      | Reached XP level 3. HP: 17/29 MP: 5/5
  1922 | D:3      | Reached XP level 4. HP: 37/37 MP: 6/6
  2026 | D:3      | Found a basalt altar of Yredelemnul.
  2053 | D:3      | Reached ** piety under Lugonu
  2083 | D:3      | Reached skill level 4 in Fighting
  2509 | D:4      | Found a sparkling altar of Nemelex Xobeh.
  2738 | D:4      | Found an ornate altar of the Wu Jian Council.
  2739 | D:4      | Found a shimmering blue altar of Sif Muna.
  2747 | D:4      | Gained mutation: You regenerate health from kills. [demonic
                  | ancestry]
  2747 | D:4      | Reached XP level 5. HP: 41/42 MP: 7/7
  2788 | D:4      | Found a hide-covered altar of Uskayaw.
  2873 | D:4      | Found Ryhoch's Weapon Shoppe.
  2874 | D:4      | Found Tufedd's Distillery.
  2875 | D:4      | Found Azoiroam's Assorted Antiques.
  2875 | D:4      | Found Piofuop's Weapon Boutique.
  2875 | D:4      | Found Geobetef's Distillery.
  2875 | D:4      | Found Sanodim's Jewellery Shoppe.
  3047 | D:4      | Bought a potion of flight for 30 gold pieces
  3047 | D:4      | Bought a potion of attraction for 30 gold pieces
  3047 | D:4      | Bought a potion of brilliance for 40 gold pieces
  3047 | D:4      | Bought a potion of curing for 30 gold pieces
  3094 | D:4      | Noticed a water moccasin
  3122 | D:4      | HP: 2/42 [poisoned by a water moccasin]
  3123 | D:4      | Succumbed to a water moccasin's poison

Illustrated notes

Levels and vault maps discovered:
D:1:      wheals_arrival_shading, layout_rooms, ebering_ecumenical_altar_box
D:2:      layout_basic, minmay_three_crescents
D:3:      layout_loops_ring, yredelemnul_forgotten_temple_becter, serial_glass,
          glass_columns_b, glass_columns_a
D:4:      layout_rooms, eat_drink_and_be_merry_uskayaw,
          nemelex_spade_bored_becter, gammafunk_temple_overflow_pools,
          lemuel_tele_altar, abandoned_shop, nicolae_wooded_promenade

Skill      XL: |  1  2  3  4 |
---------------+-------------+-----
Polearms       | 2 |  2.7
Invocations    | 3 |  3.7
Armour         | 2 |  2.9
Fighting       | 4 |  4.3
Dodging        | |  0.9

Action                   |  1- 3 |  4- 6 || total
-------------------------+-------+-------++-------
Melee: Spear             |   125 |   109 ||   234
       Kick              |    22 |    27 ||    49
Invok: Depart the Abyss  |     1 |       ||     1
  Use: Scroll            |     2 |     1 ||     3
Armor: Chain mail        |    46 |    44 ||    90
Dodge: Dodged            |    22 |    26 ||    48

Table legend: (Time is in decaauts)
 A = Elapsed time spent in this place.
 B = Non-inter-level travel time spent in this place.
 C = Inter-level travel time spent in this place.
 D = Time resting spent in this place.
 E = Time spent auto-exploring this place.
 F = Levels seen in this place.
 G = Mean time per level.
                   A        B        C        D        E       F      G
               +--------+--------+--------+--------+--------+-----+--------+
         Total |   3119 |   3065 |     54 |      0 |   2575 |   5 |  623.8 |
       Dungeon |   3017 |   2963 |     54 |      0 |   2516 |   4 |  754.2 |
         Abyss |    102 |    102 |      0 |      0 |     59 |   1 |  102.0 |
               +--------+--------+--------+--------+--------+-----+--------+

Top non-repeatable levels by time:
     D:2: 1056 daAuts
     D:1: 673 daAuts
     D:3: 651 daAuts
     D:4: 635 daAuts
 Abyss:1: 102 daAuts
